 Dungeon Crawl Stone Soup version 0.17.0-28-g6e173f8 (webtiles) character file.

1300 Holeefuk the Cleaver (level 8, -1/73 HPs)
             Began as a Hill Orc Fighter on Dec 1, 2015.
             Killed from afar by a manticore (15 damage)
             ... with a volley of spikes
             ... on level 8 of the Dungeon.
             The game lasted 00:14:06 (5323 turns).

Holeefuk the Cleaver (Hill Orc Fighter)             Turns: 5323, Time: 00:14:06

Health: -1/73      AC: 14    Str: 24    XL:     8   Next: 57%
Magic:  8/8        EV:  6    Int:  8    God:
Gold:   248        SH:  9    Dex: 10    Spells: 0 memorised, 7 levels left

rFire  . . .     SeeInvis .     a - +0 war axe
rCold  . . .     Clarity  .     w - +1 chain mail of Cups {Str+3}
rNeg   . . .     SustAt   .     c - +0 shield
rPois  .         Gourm    .     (no helmet)
rElec  .         Spirit   .     C - +1 cloak
rCorr  .         Warding  .     (no gloves)
rMut   .         Stasis   .     (no boots)
MR     .....                    (no amulet)
Stlth  ..........               (no ring)
                                (no ring)

@: about to teleport, manticore barbs, very slightly contaminated, not resistant
to hostile enchantments, extremely unstealthy
A: no striking features
a: no special abilities


You were on level 8 of the Dungeon.
You were not hungry.

You visited 1 branch of the dungeon, and saw 8 of its levels.

You collected 248 gold pieces.

Inventory:

Hand Weapons
 a - a +0 war axe (weapon)
Armour
 c - a +0 shield (worn)
 w - the +1 chain mail of Cups (worn) {Str+3}
   (You found it on level 4 of the Dungeon)

   It affects your strength (+3).
 C - a +1 cloak (worn)
Wands
 x - a wand of teleportation (5)
 y - a wand of draining (3)
Scrolls
 f - 2 scrolls of recharging {unknown}
 h - a scroll of random uselessness
 l - 14 scrolls of identify {unknown}
 t - a scroll of teleportation
Potions
 d - a potion of might
 i - 3 potions of curing {unknown}
 r - a potion of heal wounds {unknown}
 s - 2 potions of berserk rage {unknown}
 z - 2 potions of lignification {unknown}
 A - a potion of cure mutation {unknown}
 B - a potion of degeneration {unknown}
Books
 b - an Akashic Record

   Spells                             Type                      Level
   a - Dispersal                      Translocation                6
   b - Malign Gateway                 Summoning/Translocation      7
   c - Disjunction                    Translocation                8
   d - Controlled Blink               Translocation                8
 n - a book of the Dragon

   Spells                             Type                      Level
   a - Flame Tongue                   Conjuration/Fire             1
   b - Cause Fear                     Hexes                        4
   c - Bolt of Fire                   Conjuration/Fire             6
   d - Dragon Form                    Transmutation                7
   e - Dragon's Call                  Summoning                    9
Comestibles
 e - 5 bread rations
 k - 2 meat rations
 o - 5 fruits
 u - a beef jerky


   Skills:
 - Level 7.1 Fighting
 - Level 8.3 Axes
 * Level 7.6 Armour
 - Level 3.2 Shields


You had 7 spell levels left.
You didn't know any spells.

Dungeon Overview and Level Annotations

Branches:
Dungeon (9/15)             Temple (0/1) D:4
   Lair: D:8-11         Orc: D:9-12

Altars:
Elyvilon
Gozag
Makhleb
Zin

Shops:
D:4 *

Annotations:
D:2 Sigmund


Message History

The barbed spikes dig painfully into your body as you move.
The barbed spikes dig painfully into your body as you move.
The barbed spikes dig painfully into your body as you move.
Things that are here:
a dagger; a leather armour The barbed spikes dig painfully into your body as you move.
* * * LOW HITPOINT WARNING * * *
The barbed spikes dig painfully into your body as you move.
* * * LOW HITPOINT WARNING * * *
You start resting.
You carefully extract the manticore spikes from your body.
Drink which item? (? for menu, Esc to quit)
Okay, then.
Read which item? (? for menu, Esc to quit)
As you read the scroll labeled CEOXOSOOSU, it crumbles to dust.
You feel strangely unstable.
It was a scroll of teleportation.
The manticore flicks its tail.
The volley of spikes hits you!
The barbed spikes become lodged in your body.
You die...

## .# ##.## #.# #....#
..# #.... ..# #....#
..########### #.....
...........## ##.....##
##............
.......@###.............
........##...........H..
........#.....(....§....
......)#H.###....§§§....
.....##.)## ###..§§§....
...###.### ##§§§§....
.####.## ###......
##..## ##### ###....
##..#####...## ##..


You could see a manticore.

Vanquished Creatures
  Edmund (D:4)
  A sky beast (D:5)
  An ogre (D:5)
  A water moccasin zombie (D:5)
  The ghost of mythicalmythos the Ruffian, a weakling TrMo (D:3)
  2 crimson imps
  A centaur skeleton (D:5)
  6 hounds
  6 orc wizards
  5 orc priests
  3 worker ants
  4 gnolls
  A worker ant zombie (D:5)
  9 adders
  A shadow imp (D:5)
  An ooze (D:2)
  An adder skeleton (D:5)
  3 worms (D:2)
  6 giant geckos
  10 orcs
  7 bats
  7 giant cockroaches
  10 goblins
  9 hobgoblins
  3 jackals (D:3)
  11 kobolds
  A giant gecko skeleton (D:5)
  A giant gecko zombie (D:5)
  6 giant newts
  5 quokkas
  5 rats
129 creatures vanquished.

Notes
Turn   | Place    | Note
--------------------------------------------------------------
     0 | D:1      | Holeefuk the Hill Orc Fighter began the quest for the Orb.
     0 | D:1      | Reached XP level 1. HP: 19/19 MP: 1/1
   113 | D:1      | Reached skill level 4 in Axes
   113 | D:1      | Reached XP level 2. HP: 19/26 MP: 2/2
   370 | D:1      | Reached XP level 3. HP: 27/31 MP: 3/3
   774 | D:2      | Reached skill level 5 in Axes
   959 | D:2      | Reached XP level 4. HP: 27/39 MP: 4/4
  1235 | D:2      | Reached skill level 6 in Axes
  1375 | D:2      | Noticed Sigmund
  1681 | D:3      | Reached XP level 5. HP: 31/45 MP: 5/5
  1780 | D:3      | Noticed mythicalmythos's ghost (weakling TrMo)
  1797 | D:3      | Killed mythicalmythos's ghost
  1868 | D:3      | Found a burning altar of Makhleb.
  1868 | D:3      | Noticed a blizzard demon
  1982 | D:3      | Reached skill level 5 in Fighting
  2782 | D:3      | Reached XP level 6. HP: 56/56 MP: 6/6
  3140 | D:4      | Found an opulent altar of Gozag.
  3201 | D:4      | Found a staircase to the Ecumenical Temple.
  3279 | D:4      | Found a glowing silver altar of Zin.
  3471 | D:4      | Found a white marble altar of Elyvilon.
  3493 | D:4      | Found Eretzih's General Store.
  3657 | D:4      | Got a scorched chain mail
  3668 | D:4      | Identified the +1 chain mail of Cups {Str+3} (You found it on level 4 of the Dungeon)
  3677 | D:5      | Entered Level 5 of the Dungeon
  3814 | D:5      | Noticed Edmund
  3918 | D:4      | Killed Edmund
  3918 | D:4      | Reached skill level 7 in Axes
  3918 | D:4      | Reached XP level 7. HP: 37/64 MP: 7/7
  3965 | D:5      | Reached skill level 8 in Axes
  4386 | D:5      | Reached skill level 5 in Armour
  4426 | D:5      | Reached XP level 8. HP: 46/73 MP: 8/8
  5142 | D:6      | You fall through a shaft for 3 floors!
  5303 | D:8      | Noticed a manticore
  5323 | D:8      | Killed from afar by a manticore

Action                   |  1- 3 |  4- 6 |  7- 9 || total
-------------------------+-------+-------+-------++-------
Melee: War axe           |    99 |   257 |   154 ||   510
  Use: Scroll            |       |       |     8 ||     8
  Eat: Chunk             |       |    10 |     5 ||    15
